 Dungeon Crawl Stone Soup version 0.29.1-12-g30fa7ad0bf (webtiles) character file.

Game seed: 1069987568171108258

127983 Gabide the Warrior (level 16, -5/148 HPs)
             Began as a Mummy Berserker on Dec 20, 2022.
             Was a High Priest of Trog.
             Slain by a spriggan rider
             ... wielding a +3 spear
              (8 damage)
             ... on level 4 of the Swamp.
             The game lasted 01:06:21 (30897 turns).

Gabide the Warrior (Mummy Berserker)               Turns: 30897, Time: 01:06:21

Health: -5/148     AC: 12    Str: 26    XL:     16   Next: 47%
Magic:  16/16      EV: 24    Int:  8    God:    Trog [*****.]
Gold:   1849       SH:  0    Dex: 12    Spells: 15/15 levels left

rFire   x . .      SeeInvis .     - Unarmed
rCold   + . .      Faith    .   (no shield)
rNeg    + + +      Spirit   .   f - +0 troll leather armour
rPois   ∞          Reflect  .   y - +2 helmet
rElec   .          Harm     .   K - +2 cloak {Stlth+}
rCorr   .          Rampage  .   L - +2 pair of gloves
Will    ++++.                   a - +2 pair of boots {Stlth+}
Stlth   +++.......              w - amulet of regeneration
HPRegen 2.94/turn               p - +4 ring of evasion
MPRegen 0.15/turn               m - +4 ring of evasion

@: strong-willed, corroded, regenerating, studying 3 skills
A: cold resistance 1, negative energy resistance 3, torment resistance 2, heat
vulnerability 1, in touch with death 2, no potions
a: Renounce Religion, Trog's Hand, Brothers in Arms


You were on level 4 of the Swamp.
You worshipped Trog.
Trog was extremely pleased with you.
You visited 4 branches of the dungeon, and saw 26 of its levels.

You collected 2858 gold pieces.
You spent 1009 gold pieces at shops.

Inventory:

Hand Weapons
 g - a +6 demon trident
Missiles
 k - 5 javelins
 l - 7 boomerangs (quivered)
 q - 2 curare-tipped darts
 D - 2 boomerangs of dispersal
 G - 3 silver boomerangs
Armour
 a - a +2 pair of boots of stealth (worn)
 f - a +0 troll leather armour (worn)
 r - a +2 leather armour of fire resistance
 y - a +2 helmet (worn)
 F - the +1 ring mail "Azaerub" {rElec Will++ Str+4 Int-2}
   (You bought it in a shop on level 2 of the Orcish Mines)

   Str:       It affects your strength (+4).
   Int:       It affects your intelligence (-2).
   rElec:     It insulates you from electricity.
   Will:      It greatly increases your willpower.
 I - a +0 pair of gloves
 K - a +2 cloak of stealth (worn)
 L - a +2 pair of gloves (worn)
Jewellery
 b - the amulet "Ifrea" {RegenMP Will+ Dex+7 Stlth-}
   (You found it on level 3 of the Dungeon)

   [amulet of magic regeneration]

   It increases your rate of magic regeneration.
   Dex:       It affects your dexterity (+7).
   Will:      It increases your willpower.
   Stlth:     It makes you less stealthy.
 j - a ring of protection from cold
 m - a +4 ring of evasion (right hand)
 n - a ring of see invisible
 p - a +4 ring of evasion (left hand)
 w - an amulet of regeneration (around neck)
 x - a ring of protection from cold
 B - an amulet of faith
 H - a +6 ring of strength
Wands
 i - a wand of digging (19)
 u - a wand of charming (13)
 A - a wand of polymorph (26)
 C - a wand of flame (42)
 E - a wand of iceblast (43)
 J - a wand of mindburst (30)
Scrolls
 c - 4 scrolls of vulnerability
 d - 15 scrolls of teleportation
 e - 3 scrolls of butterflies
 h - 5 scrolls of magic mapping
 o - 2 scrolls of blinking
 t - 2 scrolls of silence
 v - 2 scrolls of brand weapon
 z - 2 scrolls of enchant weapon


   Skills:
 * Level 19.7 Fighting
 - Level 1.5 Armour
 + Level 11.7 Dodging
 * Level 17.5 Unarmed Combat


You had 15 spell levels left.
You didn't know any spells.
Your spell library was empty.

Dungeon Overview and Level Annotations

Branches:
Dungeon (15/15)            Temple (0/1) D:5            Lair (5/5) D:11
  Swamp (4/4) Lair:3        Snake (0/4) Lair:2        Slime (0/5) Lair:5
    Orc (2/2) D:11            Elf (0/3) Orc:2        Vaults (0/5) D:14
 Depths (0/4) D:15

Altars:
Fedhas
Nemelex Xobeh
Okawaru
Trog
Xom
Yredelemnul
Jiyva
Lugonu

Shops:
D:1 *=   D:12 *   D:15 (   Orc:2 *[**

Portals:
Abyss: Orc:1

Annotations:
Lair:3 2 transporters, dracomuter's ghost, adept HuHW
Lair:4 2 transporters, Fifowuza's ghost, journeyman DrTm


Innate Abilities, Weirdness & Mutations

You are immune to poison.
Your flesh is cold resistant. (rC+)
You are immune to negative energy. (rN+++)
You are immune to unholy pain and torment.
You are vulnerable to heat. (rF-)
You are strongly in touch with the powers of death.
You do not drink.


Message History

Your iron troll claws the spriggan rider.
You pummel the spriggan rider like a punching bag!!!
You kill the spriggan rider!
Trog accepts your kill.
You kill the hornet!
Trog accepts your kill. The swamp dragon bites your iron troll!
The swamp dragon claws your iron troll but does no damage.
The swamp dragon tramples your iron troll but does no damage.
The spriggan rider hits you from afar with a +3 spear!!
Your iron troll bites the swamp dragon!!
Your iron troll claws the swamp dragon!!
The swamp dragon dies!
Trog accepts your kill.
The swamp dragon scales are intact enough to wear.
The spriggan rider hits you with a +3 spear!!
* * * LOW HITPOINT WARNING * * *
The goliath frog closely misses you.
Things that are here:
a +0 spear; a spriggan corpse
Okay, then.
Unknown command.
Unknown command.
You barely miss the spriggan rider.
The spriggan rider is lightly wounded.
Your iron troll bites the spriggan rider!
Your iron troll claws the spriggan rider.
Your iron troll closely misses the spriggan rider.
The eleionoma flows through the trees.
You pummel the eleionoma!! You punch the eleionoma.
The eleionoma is moderately wounded.
The goliath frog hits you from afar!
* * * LOW HITPOINT WARNING * * *
The acid corrodes you!
You are splashed with acid!
* * * LOW HITPOINT WARNING * * *
Your iron troll completely misses the spriggan rider.
Your iron troll claws the spriggan rider!!
Your iron troll closely misses the spriggan rider.
The spriggan rider hits you with a +3 spear!
You die...

~♣♣.~~~.≈~♣♣♣~♣i~.♣
...~~~..~≈≈≈≈♣♣...♣
~.~~~..~♣≈≈≈≈♣ ♣♣~
.~§~~..~~≈≈≈≈♣
~~~~~..~~♣♣≈≈♣
.§Z~~....~~♣♣~♣♣♣♣♣♣
♣DDDF~~~.§~~~~F[...♣
.<~..~§~~♣~~§~~iT~~♣
.§♣♣....♣♣~~~~..@..♣
♣♣♣♣♣♣♣♣~~~~~~.~~R.♣
~~~~.~~....♣♣
§~~.~~.~..~~
~~..~~~..♣..~
~.......~~~...
~.~~~~~.~~~~~.
~~~§~~.~~~~~~~


You could see an eleionoma, a spriggan rider (ally target), a goliath frog and a
friendly iron troll (summoned, berserk).

Vanquished Creatures
  Nikola (Swamp:1)
  Kirke (Swamp:3)
  Gastronok (D:10)
  A fenstrider witch (Swamp:3)
  An azure jelly (Lair:4)
  A quicksilver ooze (shapeshifter) (D:15)
  Nessos (D:14)
  6 eleionomae
  3 bunyips (Swamp:3)
  An ettin (D:15)
  3 boulder beetles
  9 hydras
  A ghost crab (Swamp:3)
  12 two-headed ogres
  2 ogre magi
  6 death yaks
  A deep troll shaman (Lair:4)
  A catoblepas (Lair:4)
  2 centaur warriors
  14 alligators
  2 tengu warriors
  6 spriggans
  5 skeletal warriors (D:15)
  3 goliath frogs
  3 deep trolls
  3 spriggan druids
  3 bog bodies
  A swamp dragon (Swamp:1)
  A death drake (Swamp:3)
  4 orc knights
  Pikel (D:5)
  A lindwurm (Lair:5)
  A wizard (D:14)
  3 deep elf pyromancers
  14 ugly things
  2 orc sorcerers
  5 cyclopes
  A faun (D:13)
  6 manticores
  15 elephants (Lair:5)
  Joseph (D:9)
  2 black mambas
  A black mamba (shapeshifter) (D:15)
  A cane toad (shapeshifter) (D:14)
  7 gargoyles
  A komodo dragon (shapeshifter) (D:13)
  10 cane toads
  A yaktaur (shapeshifter) (D:15)
  9 komodo dragons
  An efreet (D:14)
  An unseen horror (D:10)
  A kobold demonologist (D:11)
  3 rime drakes
  A yaktaur (D:14)
  A tengu conjurer (D:13)
  13 trolls
  4 tyrant leeches
  4 polar bears
  3 slime creatures
  A tarantella (shapeshifter) (D:14)
  8 hornets
  6 blink frogs
  7 dream sheep (Lair:4)
  A centaur simulacrum (D:14)
  A spriggan (shapeshifter) (D:15)
  2 shadows (D:10)
  Eustachio (D:6)
  19 yaks
  4 vampires
  3 wyverns
  A basilisk (Lair:2)
  4 hogs (Swamp:3)
  A steam dragon (D:6)
  A redback (shapeshifter) (D:13)
  16 humans (D:14)
  8 vampire mosquitoes
  A harpy simulacrum (D:15)
  14 swamp worms
  A swamp worm simulacrum (Swamp:4)
  2 wargs (Orc:1)
  An acid dragon (D:9)
  10 water moccasins
  An ice beast (D:8)
  19 orc warriors
  2 sky beasts
  4 swamp drakes
  2 black bears
  23 ogres
  11 wolves
  10 centaurs
  2 phantoms
  3 kobold brigands
  2 necrophages
  11 bullfrogs
  An earth elemental (D:12)
  4 gnoll sergeants
  2 scorpions (D:5)
  6 wights
  A howler monkey (D:11)
  2 electric eels (D:8)
  10 jellies
  5 hounds
  2 gnoll boudas
  9 orc priests
  6 iguanas
  16 orc wizards
  22 gnolls
  8 adders
  2 shadow imps
  3 white imps
  A swamp drake simulacrum (Swamp:4)
  2 worms (D:3)
  5 dart slugs
  66 orcs
  7 bats
  5 endoplasms
  5 giant cockroaches
  8 goblins
  6 hobgoblins
  7 jackals
  5 quokkas
  10 ball pythons
  6 frilled lizards (D:1)
  16 kobolds
  4 rats
  A lurking horror (Orc:1)
669 creatures vanquished.

Vanquished Creatures (collateral kills)
  Mlioglotl (Swamp:1)
  A dire elephant (Lair:5)
  2 bunyips (Swamp:3)
  A boulder beetle (D:12)
  A hydra (Lair:5)
  An alligator (Swamp:3)
  A tengu warrior (D:15)
  2 spriggans (Swamp:3)
  A swamp dragon (Swamp:4)
  A wizard (D:15)
  A tengu conjurer (D:15)
  A hornet (Swamp:3)
  A swamp worm (Swamp:3)
  A jelly (Lair:5)
16 creatures vanquished.

Vanquished Creatures (others)
  A hornet (Swamp:4)
  A bloated husk (Swamp:2)
  A spriggan (Swamp:4)
  A swamp drake (Swamp:1)
  2 wolves (Lair:1)
  17 fungi
  14 plants
37 creatures vanquished.

Grand Total: 722 creatures vanquished

Notes
Turn   | Place    | Note
-------+----------+-------------------------------------------
     0 | D:1      | Gabide the Mummy Berserker began the quest for the Orb.
     0 | D:1      | Reached XP level 1. HP: 18/18 MP: 1/1
    86 | D:1      | Found Ughett's General Store.
   351 | D:1      | Reached XP level 2. HP: 22/24 MP: 2/2
   808 | D:1      | HP: 1/24 [giant cockroach (2)]
   809 | D:1      | Reached ** piety under Trog
  1068 | D:1      | Gained mutation: You are in touch with the powers of death.
                  | [Mummy growth]
  1068 | D:1      | Reached XP level 3. HP: 20/29 MP: 3/3
  1381 | D:1      | Found Icwas's Jewellery Shop.
  2292 | D:3      | Identified the amulet "Ifrea" {RegenMP Will+ Dex+7 Stlth-}
  2306 | D:3      | Found a faded altar of an unknown god.
  2313 | D:3      | Reached XP level 4. HP: 35/37 MP: 4/4
  2465 | D:3      | Reached skill level 4 in Fighting
  3165 | D:4      | Noticed an ogre
  3179 | D:4      | Killed an ogre
  3180 | D:4      | Reached XP level 5. HP: 36/43 MP: 5/5
  3254 | D:4      | Reached *** piety under Trog
  3532 | D:4      | Noticed a phantom
  3540 | D:4      | Noticed an ogre
  3617 | D:4      | Killed a phantom
  3618 | D:4      | Reached skill level 5 in Fighting
  3618 | D:4      | Reached XP level 6. HP: 37/51 MP: 6/6
  4451 | D:5      | Entered Level 5 of the Dungeon
  4453 | D:5      | Found a staircase to the Ecumenical Temple.
  4484 | D:5      | Noticed Pikel
  4501 | D:5      | Killed Pikel
  4502 | D:5      | Reached skill level 6 in Fighting
  4502 | D:5      | Reached skill level 5 in Unarmed Combat
  4502 | D:5      | Reached XP level 7. HP: 48/59 MP: 7/7
  4765 | D:5      | Reached XP level 8. HP: 30/65 MP: 8/8
  5148 | D:5      | Reached skill level 7 in Fighting
  5156 | D:5      | Identified the +1 ring mail "Aqilow" {Str+4 SInv}
  5590 | D:6      | Found a blossoming altar of Fedhas.
  5978 | D:6      | Noticed a cyclops
  5979 | D:6      | Identified the +0 leather armour "Abome" {rF- Int+6 Dex+2}
  5985 | D:6      | Reached skill level 8 in Fighting
  5995 | D:6      | Killed a cyclops
  5996 | D:6      | Reached XP level 9. HP: 20/75 MP: 9/9
  6002 | D:6      | Reached **** piety under Trog
  6422 | D:6      | Reached skill level 5 in Dodging
  6723 | D:6      | Noticed Eustachio
  6753 | D:6      | Killed Eustachio
  6754 | D:6      | Reached skill level 9 in Fighting
  9800 | D:8      | Reached XP level 10. HP: 71/84 MP: 10/10
 10466 | D:8      | Reached skill level 10 in Fighting
 10569 | D:8      | Found an iron altar of Okawaru.
 10859 | D:8      | Found a sparkling altar of Nemelex Xobeh.
 11891 | D:9      | Found a basalt altar of Yredelemnul.
 11915 | D:9      | Noticed Joseph
 11932 | D:9      | Killed Joseph
 12145 | D:9      | Noticed a gargoyle
 12151 | D:9      | Killed a gargoyle
 12225 | D:9      | Noticed a gargoyle
 12230 | D:9      | Killed a gargoyle
 12355 | D:9      | Noticed a gargoyle
 12366 | D:9      | Killed a gargoyle
 12498 | D:9      | Noticed a gargoyle
 12504 | D:9      | Killed a gargoyle
 12635 | D:9      | Noticed a gargoyle
 12639 | D:9      | Killed a gargoyle
 12640 | D:9      | Reached skill level 11 in Fighting
 13316 | D:10     | Entered Level 10 of the Dungeon
 13320 | D:10     | Noticed Gastronok
 13320 | D:10     | Noticed a two-headed ogre
 13325 | D:10     | Killed Gastronok
 13326 | D:10     | Reached XP level 11. HP: 93/93 MP: 11/11
 13431 | D:10     | Killed a two-headed ogre
 13823 | D:10     | Reached skill level 10 in Unarmed Combat
 13914 | D:10     | Found a shimmering altar of Xom.
 14231 | D:11     | Found a staircase to the Lair.
 14540 | D:1      | Bought a scroll of teleportation for 39 gold pieces
 14594 | D:1      | Bought an amulet of regeneration for 330 gold pieces
 14854 | Lair:1   | Entered Level 1 of the Lair of Beasts
 14921 | D:11     | Reached ***** piety under Trog
 14922 | D:11     | Reached skill level 12 in Fighting
 15137 | D:11     | Noticed a two-headed ogre
 15145 | D:11     | Killed a two-headed ogre
 15202 | D:11     | Noticed an eight-headed hydra
 15210 | D:11     | Killed an eight-headed hydra
 15405 | D:11     | Found a staircase to the Orcish Mines.
 15859 | Lair:1   | Reached XP level 12. HP: 70/103 MP: 12/12
 16496 | Lair:2   | Noticed an eight-headed hydra
 16501 | Lair:2   | Reached skill level 13 in Fighting
 16533 | Lair:1   | Killed an eight-headed hydra
 16700 | Lair:2   | Received a gift from Trog
 17064 | Lair:2   | Noticed an eight-headed hydra
 17067 | Lair:2   | an eight-headed hydra changed into a slime creature
 17231 | Lair:2   | Found a staircase to the Snake Pit.
 17685 | Lair:3   | Identified the +1 robe of Sihubb {*Slow +Inv Str+5
                  | Archmagi}
 17848 | Lair:3   | Found a transporter.
 17851 | Lair:3   | Noticed a five-headed hydra
 17860 | Lair:3   | Killed a five-headed hydra
 17979 | Lair:3   | Found a transporter.
 17981 | Lair:3   | Found a bloodstained altar of Trog.
 17992 | Lair:3   | Noticed dracomuter's ghost (adept HuHW)
 18034 | Lair:3   | Found a staircase to the Swamp.
 18335 | Lair:3   | Reached skill level 14 in Fighting
 18776 | Lair:4   | Noticed an azure jelly
 18794 | Lair:4   | Noticed a boulder beetle
 18879 | Lair:4   | Killed an azure jelly
 18880 | Lair:4   | Gained mutation: You are strongly in touch with the powers
                  | of death. [Mummy growth]
 18880 | Lair:4   | Reached XP level 13. HP: 114/114 MP: 13/13
 19138 | Lair:4   | Noticed Fifowuza's ghost (journeyman DrTm)
 19158 | Lair:4   | Found a transporter.
 19342 | Lair:4   | Found a transporter.
 19625 | Lair:5   | Entered Level 5 of the Lair of Beasts
 19999 | Lair:5   | Found a staircase to the Slime Pits.
 19999 | Lair:5   | Found a viscous altar of Jiyva.
 20006 | Lair:5   | Noticed a dire elephant
 20017 | Lair:5   | Killed a dire elephant
 20115 | Lair:5   | Reached skill level 15 in Fighting
 20879 | Lair:5   | Found the ring of the Mage {Wiz Archmagi}
 21441 | D:12     | Reached XP level 14. HP: 32/124 MP: 14/14
 21554 | D:12     | Identified the +2 ring mail of Happy Babbling {Will+ Str+3
                  | Stlth+}
 21614 | D:12     | Found Paecuse's Pet Rocks.
 22578 | D:13     | Reached skill level 16 in Fighting
 22682 | D:13     | Noticed Urug
 22684 | D:13     | Noticed Urug
 22684 | D:13     | Urug changed into Urug the faun
 22690 | D:13     | Killed Urug the faun
 23525 | D:14     | Noticed Nessos
 23525 | D:14     | Found a gate to the Vaults.
 23822 | D:14     | Reached skill level 10 in Dodging
 24049 | D:14     | Killed Nessos
 24389 | D:14     | Received a gift from Trog
 24669 | D:15     | Entered Level 15 of the Dungeon
 24882 | D:15     | Reached skill level 17 in Fighting
 24933 | D:15     | Found Emast's Weapon Emporium.
 25140 | D:15     | Noticed a quicksilver ooze
 25145 | D:15     | Killed a quicksilver ooze
 25205 | D:15     | Found a staircase to the Depths.
 25216 | D:15     | Reached XP level 15. HP: 50/134 MP: 15/15
 25852 | Orc:1    | Entered Level 1 of the Orcish Mines
 25955 | Orc:1    | Found a corrupted altar of Lugonu.
 25956 | Orc:1    | Found a one-way gate to the infinite horrors of the Abyss.
 26179 | Orc:2    | Entered Level 2 of the Orcish Mines
 26291 | Orc:2    | Found Hewag's Assorted Antiques.
 26570 | Orc:1    | Reached skill level 15 in Unarmed Combat
 26885 | Orc:2    | Received a gift from Trog
 26887 | Orc:2    | Found Igamiy's Armour Shoppe.
 26893 | Orc:2    | Bought a scroll of teleportation for 78 gold pieces
 26893 | Orc:2    | Bought a scroll of teleportation for 78 gold pieces
 26895 | Orc:2    | Found Mougupt's Assorted Antiques.
 26896 | Orc:2    | Found Bivy's Assorted Antiques.
 26904 | Orc:2    | Bought a scroll labelled LOUTUG QODOOT for 33 gold pieces
 26904 | Orc:2    | Bought a scroll of teleportation for 99 gold pieces
 26904 | Orc:2    | Acquired a manual of Unarmed Combat
 26911 | Orc:2    | Bought a faintly glowing ring mail for 216 gold pieces
 26911 | Orc:2    | Identified the +1 ring mail "Azaerub" {rElec Will++ Str+4
                  | Int-2} (You bought it in a shop on level 2 of the Orcish
                  | Mines)
 26911 | Orc:2    | Bought a heavy robe for 136 gold pieces
 26911 | Orc:2    | Identified the +0 robe of the Desert {rF+} (You bought it
                  | in a shop on level 2 of the Orcish Mines)
 26943 | Orc:2    | Found a staircase to the Elven Halls.
 27474 | Swamp:1  | Entered Level 1 of the Swamp
 27843 | Swamp:1  | Reached skill level 18 in Fighting
 28831 | Swamp:1  | Noticed Nikola
 28866 | Swamp:1  | Killed Nikola
 28945 | Swamp:1  | Noticed Mlioglotl
 28960 | Swamp:1  | Killed Mlioglotl
 29883 | Swamp:3  | Reached XP level 16. HP: 145/145 MP: 16/16
 30122 | Swamp:3  | Reached skill level 19 in Fighting
 30262 | Swamp:3  | Identified the +1 scale mail "Ezem" {rC+ Str+2 Int-2}
 30447 | Swamp:4  | Entered Level 4 of the Swamp
 30743 | Swamp:4  | Noticed Kirke
 30750 | Swamp:3  | Received a gift from Trog
 30811 | Swamp:3  | Killed Kirke
 30851 | Swamp:4  | HP: 2/147 [spriggan rider/+3 spear (12)]
 30897 | Swamp:4  | HP: 3/148 [acid (10)]
 30897 | Swamp:4  | Slain by a spriggan rider

Illustrated notes

Levels and vault maps discovered:
D:1:      psy_arrival_spokes, layout_loops_ring, serial_shops,
          nicolae_lakefront_shop, nicolae_shop_competitors_out_of_business,
          minmay_misc_feat_cross
D:2:      layout_rooms
D:3:      layout_basic, ebering_ecumenical_altar_rust,
          roderic_nine_men_s_morris, minmay_misc_feat_diagonals
D:4:      layout_cave_pods, minmay_tree_intersection
D:5:      layout_rooms, minmay_temple_entry_trees, wad_floor_pattern_1,
          minmay_between, uniq_pikel
D:6:      hangedman_cross_stitches, layout_basic,
          nicolae_overflow_crystal_walls, uniq_eustachio
D:7:      lemuel_ice_spiral_2, layout_basic, serial_co_window_serial,
          co_window_paths_a, co_window_paths_a, co_window_paths_a,
          co_window_paths_b, co_window_corner_a, co_window_2corner,
          co_window_broadway_c, co_window_corner_ca, co_window_broadway_b,
          co_window_broadway_a, co_window_sun, co_window_paths_d,
          glass_columns_a, glass_columns_c, glass_columns_c
D:8:      layout_basic, mainiacjoe_overflow_catch_the_wave,
          roderic_roman_lattice
D:9:      cheibrodos_statue_roulette, layout_long_grid,
          yredelemnul_altar_generic, minmay_crystal_room, hex_medium,
          uniq_joseph
D:10:     layout_basic, dk_xom_monty_hall, nicolae_figureground_sparkle,
          uniq_gastronok
D:11:     kennysheep_six_static_rooms, layout_cave_pools, lair_entry_dummy,
          david_orc_4
D:12:     layout_basic, dk_noncrumbling_2, guppyfry_shop_earth
D:13:     layout_grid_maze, uniq_urug
D:14:     layout_loops_ring, david_vaults_3, chequers_jeans, uniq_jorgrun
D:15:     hangedman_depths_entry_civil_slaughter, layout_irregular_city,
          serial_shops, nicolae_shop_statue_plus
Lair:1:   layout_gridlike, grunt_megastairs_3
Lair:2:   layout_cave_pods, dummy_snake_entry, grunt_megastairs_2,
          serial_bayou_shore_b, infiniplex_staircase_pool
Lair:3:   layout_roguey, minmay_swamp_entry_swarm,
          gammafunk_ghost_wrathful_warriors, serial_bayou_shore_b
Lair:4:   layout_concentric_octagons, gammafunk_ghost_abyssal_escape,
          nicolae_lair_time_for_slime
Lair:5:   grunt_lair_end_beastmaster, layout_layer_cave,
          nicolae_slime_entry_slimehenge
Swamp:1:  nicolae_swamp_tree_isthmus, layout_basic_swamp,
          nicolae_swamp_dense_foliage, hangedman_swamp_cone, swamp_pool1,
          uniq_nikola, uniq_mlioglotl
Swamp:2:  layout_basic_swamp, hangedman_swamp_lotus, infiniplex_staircase_pool_2
Swamp:3:  layout_basic_swamp, evilmike_swamp_ruin_house_2
Swamp:4:  swamp_icy, layout_basic_swamp, ebering_ghost_funeral_grove,
          swamp_pool3, nicolae_swamp_some_circles, uniq_kirke
Orc:1:    layout_caves, amcnicky_altar_lugonu_corruption
Orc:2:    st_orc_open, layout_caves, uniq_nessos

Skill      XL: |  1  2  3  4  5  6  7  8  9 10 11 12 13 14 15 16 |
---------------+-------------------------------------------------+-----
Dodging        | 2 3 4 5 6 7 8 9 10 11 | 11.7
Unarmed Combat | 3 4 5 7 8 9 10 12 13 14 16 17 | 17.5
Fighting       | 4 5 6 8 9 11 12 14 15 17 18 19 | 19.7
Armour         | |  1.5

Action                   |  1- 3 |  4- 6 |  7- 9 | 10-12 | 13-15 | 16-18 || total
-------------------------+-------+-------+-------+-------+-------+-------++-------
Melee: Unarmed           |   154 |    27 |   332 |   522 |  1603 |   198 ||  2836
       Punch             |     2 |     3 |    15 |    41 |   163 |    22 ||   246
       Dagger            |    28 |   116 |       |       |       |       ||   144
       Quarterstaff      |       |       |       |   176 |       |       ||   176
Throw: Boomerang         |       |     4 |    19 |       |    89 |    28 ||   140
       Throwing net      |       |       |       |     6 |       |       ||     6
Invok: Trog's Hand       |       |     2 |     1 |     7 |    12 |     3 ||    25
       Brothers in Arms  |       |       |       |       |     4 |     2 ||     6
Evoke: Wand              |       |     8 |    12 |    16 |    10 |     4 ||    50
  Use: Scroll            |     5 |     1 |    10 |     9 |    11 |     4 ||    40
 Stab: Sleeping          |     1 |       |       |       |     1 |       ||     2
       Invisible         |       |     1 |     2 |     5 |     4 |       ||    12
       Distracted        |       |       |       |     2 |       |       ||     2
       Held in net/web   |       |       |       |     1 |       |       ||     1
       Confused          |       |       |       |       |     2 |       ||     2
Armor: Animal skin       |    35 |       |       |       |       |       ||    35
       Ring mail         |     7 |    35 |    94 |    53 |       |       ||   189
       Troll leather arm |       |       |       |   102 |   305 |    46 ||   453
Dodge: Dodged            |   123 |    88 |   275 |   958 |  1656 |   254 ||  3354
